 Dungeon Crawl Stone Soup version 0.28-a0-998-gb9e9c7b67e (webtiles) character file.

Game seed: 1872907325502930485

10 demibob the Magician (level 2, 0/14 (19) HPs)
             Began as a Demonspawn Wanderer on Dec 6, 2021.
             Slain by Terence (3 damage)
             ... on level 2 of the Dungeon.
             The game lasted 00:01:47 (1624 turns).

demibob the Magician (Demonspawn Wanderer)          Turns: 1624, Time: 00:01:48

HP:   0/14 (19)     AC:  2    Str: 11    XL:     2   Next: 10%
MP:   5/6           EV: 11    Int: 11    God:
Gold: 35            SH:  0    Dex: 15    Spells: 6/7 levels left

rFire   . . .      SeeInvis .   f - +0 short sword
rCold   . . .      Faith    .   (no shield)
rNeg    . . .      Spirit   .   b - +0 robe
rPois   .          Reflect  .   (no helmet)
rElec   .          Harm     .   (no cloak)
rCorr   .          Rampage  .   (no gloves)
Will    .....                   (no boots)
Stlth   +.........              (no amulet)
HPRegen 0.04/turn               (no ring)
MPRegen 0.10/turn               (no ring)

@: very heavily drained
A: claws 1
a: no special abilities


You were on level 2 of the Dungeon.
You visited 1 branch of the dungeon, and saw 2 of its levels.

You collected 35 gold pieces.


Innate Abilities, Weirdness & Mutations

You have sharp fingernails.


   Skills:
 * Level 1.2 Short Blades
 - Level 1.0 Throwing
 - Level 1.0 Shields
 - Level 3.0 Spellcasting
 + Level 0.8 Summonings
 - Level 2.1 Necromancy
 - Level 2.6 Translocations


You had 6 spell levels left.
You knew the following spells:

 Your Spells              Type           Power      Damage    Failure   Level
z - Summon Small Mammal   Summ           12%        N/A       19%         1

Your spell library contained the following spells:

 Spells                   Type           Power      Damage    Failure   Level
 Blink                    Tloc           14%        N/A       13%         2
 Sublimation of Blood     Necr           6%         N/A       16%         2
 Magic Dart               Conj           4%         1d3       26%         1
 Slow                     Hex            4%         N/A       26%         1
 Corpse Rot               Necr/Air       8%         N/A       26%         2
 Call Imp                 Summ           3%         N/A       28%         2
 Call Canine Familiar     Summ           3%         N/A       50%         3
 Conjure Flame            Conj/Fire      1%         6-21      61%         3
 Mephitic Cloud           Conj/Pois/Air  1%         N/A       61%         3

Inventory:

Hand Weapons
 a - a +0 dagger
 f - a +0 short sword (weapon)
Armour
 b - a +0 robe (worn)
 c - a +0 helmet
Potions
 d - a potion of heal wounds {unknown}
 g - a potion of might
 o - 2 potions of ambrosia

Dungeon Overview and Level Annotations

Branches:
Dungeon (2/15)

Altars:

Annotations:
D:2 Terence

##############
.............#
##........##.#
##........##.####
................#
##........##.##.#
##........##.##.####
...............@@..#
##.##########b#b##.#
##.# #.#.# # ...#
#..#. #### #.#..# .#
#.##.# .# #.. .. .#
##. ## ##


You could see Terence (ally target) and 2 friendly bats.


Message History

Terence is heavily wounded.
Your bat completely misses Terence.
Terence hits you with a +0 mace of draining.
* * * LOW HITPOINT WARNING * * *
You feel drained.
Unknown command.
You hit Terence.
Terence is heavily wounded.
Your bat hits Terence but does no damage. x3
Terence misses your bat.
You closely miss Terence.
Terence is heavily wounded.
Your bat hits Terence but does no damage.
Your bat barely misses Terence.
Your bat completely misses Terence.
Your bat closely misses Terence.
Terence closely misses you.
You hit Terence but do no damage.
Terence is heavily wounded.
Your bat barely misses Terence.
Terence closely misses you.
Your bat closely misses Terence.
You hit Terence.
Terence is severely wounded.
Your bat hits Terence but does no damage.
Your bat barely misses Terence.
Terence hits you but does no damage.
You feel drained.
You hit Terence.
Terence is severely wounded.
Your bat barely misses Terence. x2
Your bat hits Terence but does no damage.
Terence hits you with a +0 mace of draining.
You die...

Skill      XL: |  1 |
---------------+----+-----
Short Blades   | 1 |  1.2
Throwing       | |  1.0
Shields        | |  1.0
Spellcasting   | |  3.0
Summonings     | |  0.8
Necromancy     | |  2.1
Translocations | |  2.6

Action                   || total
-------------------------++-------
Melee: Short sword       ||    34
       Dagger            ||    14
 Cast: Summon Small Mamm ||     2
  Use: Potion            ||     6
       Scroll            ||     5
 Stab: Sleeping          ||     1
Armor: Robe              ||    12
Dodge: Dodged            ||    26

Levels and vault maps discovered:
D:1:      tarquinn_simple_flora_water_f, layout_loops_ring, nrook_mini_backslash
D:2:      layout_loops_cross, minmay_shallow_snake_nest, uniq_terence,
          uniq_natasha

Notes
Turn   | Place    | Note
-------+----------+-------------------------------------------
     0 | D:1      | demibob the Demonspawn Wanderer began the quest for the
                  | Orb.
     0 | D:1      | demibob set off with the following items: a +0 dagger, a +0
                  | robe; and the following spells available to memorise:
                  | Blink, Sublimation of Blood, Magic Dart, Slow, Summon Small
                  | Mammal, Corpse Rot, Call Imp, Call Canine Familiar, Conjure
                  | Flame, Mephitic Cloud
     0 | D:1      | Reached XP level 1. HP: 13/13 MP: 4/4
     2 | D:1      | Learned a level 1 spell: Summon Small Mammal
   530 | D:1      | Reached skill level 1 in Short Blades
  1055 | D:1      | Identified a potion of resistance
  1319 | D:2      | Gained mutation: You have sharp fingernails. [demonic
                  | ancestry]
  1319 | D:2      | Reached XP level 2. HP: 11/19 MP: 6/6
  1609 | D:2      | Noticed Terence
  1624 | D:2      | Slain by Terence

Vanquished Creatures
  2 endoplasms
  2 kobolds (D:1)
  A quokka (D:2)
  A ball python (D:2)
  A bat (D:1)
  3 rats (D:1)
10 creatures vanquished.

Table legend: (Time is in decaauts)
 A = Elapsed time spent in this place.
 B = Non-inter-level travel time spent in this place.
 C = Inter-level travel time spent in this place.
 D = Time resting spent in this place.
 E = Time spent auto-exploring this place.
 F = Levels seen in this place.
 G = Mean time per level.
                   A        B        C        D        E       F      G
               +--------+--------+--------+--------+--------+-----+--------+
         Total |   1608 |   1589 |     19 |    448 |    992 |   2 |  804.0 |
       Dungeon |   1608 |   1589 |     19 |    448 |    992 |   2 |  804.0 |
               +--------+--------+--------+--------+--------+-----+--------+

Top non-repeatable levels by time:
     D:1: 1203 daAuts
     D:2: 404 daAuts

Table legend:
 A = Non-vault XP
 B = Vault XP
 C = Vault XP percentage of total XP
 D = Non-vault monster count
 E = Vault monster count
 F = Vault count percentage of total count
                 A         B        C        D         E       F
            +---------+---------+-------+---------+---------+-------
      Total |      15 |       0 |   0.0 |      10 |       0 |   0.0
            +---------+---------+-------+---------+---------+-------
        D:1 |      10 |       0 |   0.0 |       7 |       0 |   0.0
        D:2 |       5 |       0 |   0.0 |       3 |       0 |   0.0
            +---------+---------+-------+---------+---------+-------
